 Dungeon Crawl Stone Soup version 0.31.0-11-ge490571c62 (webtiles) character file.

Game seed: 13371227191260162817

52607 sanka the Warrior (level 14, -19/135 HPs)
             Began as a Minotaur Fighter on Feb 1, 2024.
             Was a High Priest of the Shining One.
             Demolished by a deep troll shaman (21 damage)
             ... on level 1 of the Depths on Feb 2, 2024.
             The game lasted 00:29:45 (14275 turns).

sanka the Warrior (Minotaur Fighter)               Turns: 14275, Time: 00:29:46

Health: -19/135    AC: 39    Str: 22    XL:     14   Next: 27%
Magic:  13/15      EV: 10    Int:  5    God:    the Shining One [*****.]
Gold:   425        SH: 26    Dex: 14    Spells: 13/13 levels left

rFire   . . .        a - +0 morningstar (heavy)
rCold   + + .        R - +0 tower shield
rNeg    + + +        G - +8 plate armour of the Game of Kings {rC++ rN+}
rPois   .            J - +2 hat {Stlth+}
rElec   .            h - +0 cloak
rCorr   .            V - +0 pair of gloves
SInv    .            q - +0 pair of boots
Will    +....        O - amulet of regeneration Stlth
                     y - +4 ring of protection
HPRegen 1.22/turn    H - +4 ring of protection
MPRegen 0.14/turn

%: no passive effects
@: divinely shielded, glowing, studying Hexes
A: horns 2, retaliatory headbutt, low MP 1
a: Renounce Religion, Divine Shield, Cleansing Flame, Summon Divine Warrior


You were on level 1 of the Depths.
You worshipped the Shining One.
The Shining One was extremely pleased with you.
You visited 3 branches of the dungeon, and saw 17 of its levels.
You also visited: Ossuary.

You collected 1147 gold pieces.
You spent 722 gold pieces at shops.


Innate Abilities, Weirdness & Mutations

You have a pair of horns on your head.
You reflexively headbutt those who attack you in melee.
Your magical capacity is low. (-10% MP)


   Skills:
 - Level 15.0 Fighting
 - Level 12.0 Maces & Flails
 - Level 15.0 Armour
 - Level 10.3 Dodging
 + Level 14.2 Shields
 + Level 5.5 Invocations


You had 13 spell levels left.
You didn't know any spells.
Your spell library contained the following spells:

 Spells                   Type           Power      Damage    Failure   Level
 Shock                    Conj/Air       0%         1d3       100%        1
 Lesser Beckoning         Tloc           0%         N/A       100%        2
 Frozen Ramparts          Ice            0%         1d1       100%        3
 Gell's Gravitas          Tloc           0%         N/A       100%        3
 Inner Flame              Hex/Fire       0%         N/A       100%        3
 Ozocubu's Armour         Ice            0%         N/A       100%        3
 Summon Ice Beast         Ice/Summ       0%         N/A       100%        3
 Swiftness                Air            0%         N/A       100%        3
 Teleport Other           Tloc           0%         N/A       100%        3
 Airstrike                Air            0%         2d(0-16)  100%        4
 Animate Armour           Summ/Erth      0%         N/A       100%        4
 Flame Wave               Conj/Fire      0%         2d4       100%        4
 Ignite Poison            Fire/Alch      0%         N/A       100%        4
 Manifold Assault         Tloc           0%         N/A       100%        4
 Sticky Flame             Fire/Alch      0%         2d4       100%        4
 Summon Lightning Spire   Summ/Air       0%         N/A       100%        4
 Alistair's Intoxication  Alch           0%         N/A       100%        5
 Borgnjor's Vile Clutch   Necr/Erth      0%         N/A       100%        5
 Lee's Rapid Deconstruct  Erth           0%         3d4*      100%        5
 Metabolic Englaciation   Hex/Ice        0%         N/A       100%        5
 Summon Mana Viper        Hex/Summ       0%         N/A       100%        5
 Dispersal                Tloc           0%         N/A       100%        6
 Eringya's Noxious Bog    Alch           0%         4d6       100%        6
 Sculpt Simulacrum        Ice/Alch       0%         N/A       100%        6
 Monstrous Menagerie      Summ           0%         N/A       100%        7
 Disjunction              Tloc           0%         N/A       100%        8

Inventory:

Hand Weapons
 a - a +0 heavy morningstar (weapon)
 M - the +6 war axe "Nysm" {flame, Stlth+}

   Stlth+:    It makes you more stealthy.
Missiles
 b - 2 curare-tipped darts (quivered) {=f}
 i - 2 throwing nets {=f}
Armour
 h - a +0 cloak (worn)
 q - a +0 pair of boots (worn)
 G - the +8 plate armour of the Game of Kings (worn) {rC++ rN+} rC++: It greatly protects you from cold. rN+: It protects you from negative energy.
 J - a +2 hat of stealth (worn)
 R - a +0 tower shield (worn)
 V - a +0 pair of gloves (worn)
Jewellery
 f - the ring "Uppuigif" {rElec rF- Str+6 Dex+2}

   [ring of strength]

   Str+6:     It affects your strength (+6).
   Dex+2:     It affects your dexterity (+2).
   rF-:       It makes you vulnerable to fire.
   rElec:     It insulates you from electricity.
 p - a ring of poison resistance
 r - a ring of willpower
 v - a ring of flight
 y - a +4 ring of protection (left hand)
 H - a +4 ring of protection (right hand)
 O - an amulet of regeneration (around neck)
Wands
 c - a wand of roots (6)
 w - a wand of paralysis (8)
 L - a wand of flame (20)
 N - a wand of polymorph (12)
 S - a wand of digging (4)
 W - a wand of mindburst (17)
Scrolls
 e - 3 scrolls of blinking
 j - 3 scrolls of fog
 l - 3 scrolls of enchant armour
 m - 4 scrolls of vulnerability {!r}
 n - 3 scrolls of immolation {!r}
 o - a scroll of poison {!r}
 t - 3 scrolls of butterflies
 u - 8 scrolls of teleportation {@r4}
 C - 2 scrolls of noise {!r}
 D - 3 scrolls of revelation
 I - 2 scrolls of enchant weapon
 U - 2 scrolls of silence {!r}
Potions
 d - 4 potions of might
 g - 6 potions of heal wounds {@q2}
 k - 8 potions of brilliance
 s - 5 potions of curing {@q1}
 x - 2 potions of haste {unknown}
 z - 4 potions of ambrosia
 A - 3 potions of enlightenment
 B - 2 potions of lignification {unknown}
 E - 4 potions of cancellation
 F - 3 potions of attraction {!q}
 P - a potion of berserk rage {unknown}
 Q - 2 potions of invisibility {unknown}
 X - a potion of magic {unknown}
 Y - 2 potions of resistance {unknown}

Dungeon Overview and Level Annotations

Branches:
Dungeon (15/15)            Temple (1/1) D:6            Lair (0/5) D:11
    Orc (0/2) D:11         Vaults (0/5) D:14         Depths (1/4) D:15
Ossuary (visited)

Altars:
Ashenzari
Cheibriados
Dithmenos
Elyvilon
Fedhas
Gozag
Hepliaklqana
Kikubaaqudgha
Makhleb
Nemelex Xobeh
Okawaru
Qazlal
Ru
Sif Muna
Trog
Uskayaw
Vehumet
Wu Jian
Xom
Yredelemnul
Zin
The Shining One

Shops:
D:12 =   Depths:1 *

Portals:
Trove: D:15 (give 2 scrolls of acquirement)

Annotations:
D:11 exclusion: 2 downstairs
D:14 exclusion: downstairs

..........................
...............T..........
....).......T.T∩...T......
▒▒▒▒▒...▒▒▒▒▒▒▒▒▒▒▒▒▒▒▒▒ ▒.[.▒
▒▒▒▒▒▒▒▒▒▒...▒▒▒▒▒▒▒▒▒▒▒▒▒▒▒▒▒▒▒
....................^...........
..............TTT..............:
...............TH.............$.
..▒▒▒▒▒▒▒▒▒▒▒▒▒▒▒▒...▒▒▒▒▒▒▒▒▒▒▒
..▒ ▒..>▒ ..▒ ▒...▒ ..▒ ▒...▒ ..▒
▒...▒ ..▒ ▒...▒ ..▒ ▒...▒
..▒▒▒▒▒▒▒▒▒▒▒▒▒▒▒▒...▒▒▒▒▒▒▒▒▒▒▒▒


You could see an iron troll (fast, strong), a deep troll (fast, strong) and 2
deep troll shamans.


Message History

You block the deep troll shaman's attack.
The deep troll shaman bites you but does no damage.
You block the deep troll shaman's attack.
You block the deep troll shaman's attack.
The deep troll shaman bites you but does no damage.
The deep troll shaman barely misses you.
The deep troll shaman claws you. The deep troll bites you!
The deep troll claws you!
The deep troll claws you but does no damage.
The iron troll bites you but does no damage.
The iron troll claws you but does no damage.
The iron troll claws you!! The deep troll shaman bites you!!
* * * LOW HITPOINT WARNING * * *
The deep troll shaman claws you!
* * * LOW HITPOINT WARNING * * *
The deep troll shaman claws you but does no damage.
You block the deep troll shaman's attack.
The deep troll shaman claws you!!
* * * LOW HITPOINT WARNING * * *
You block the deep troll shaman's attack.
You block the deep troll's attack. You block the deep troll's attack.
The deep troll closely misses you.
The deep troll shaman completely misses you.
The deep troll shaman claws you!
* * * LOW HITPOINT WARNING * * *
The deep troll shaman claws you!!
You die...

Action                     |  1- 3 |  4- 6 |  7- 9 | 10-12 | 13-15 || total
---------------------------+-------+-------+-------+-------+-------++-------
  Melee: Flail             |    96 |    91 |   342 |   314 |       ||   843
         Headbutt          |    16 |    16 |    77 |   161 |    69 ||   339
         Morningstar       |       |       |       |   232 |   211 ||   443
  Throw: Dart              |       |       |       |     3 |     1 ||     4
 Invoke: Divine Shield     |       |       |       |     3 |     5 ||     8
  Evoke: Wand              |       |       |       |    19 |       ||    19
    Use: Scroll            |       |       |       |    13 |     3 ||    16
         Potion            |       |       |       |     7 |       ||     7
 Armour: Scale mail        |    68 |    50 |       |       |       ||   118
         Ring mail         |       |       |   116 |       |       ||   116
         Plate armour      |       |       |   113 |   645 |   238 ||   996
  Dodge: Dodged            |    58 |    40 |   114 |   214 |    90 ||   516
  Block: Buckler           |    27 |    16 |    76 |   141 |     1 ||   261
         Tower shield      |       |       |       |       |   331 ||   331

Levels and vault maps discovered:
D:1:      matt_arrival_spirals, layout_basic
D:2:      layout_rooms, grunt_decor_mini_mirrors
D:3:      layout_rooms, gammafunk_temple_overflow_forgotten,
          mainiacjoe_overflow_boulevard, minmay_misc_feat_ornament
D:4:      minmay_chambers_of_fours, layout_loops_ring
D:5:      layout_basic, okawaru_metal_pillars_1_2
D:6:      layout_basic, dk_xom_monty_hall, temple_pool_b, serial_library,
          serial_library_hellmonk_layered_room, serial_library_hellmonk_room_c,
          serial_library_hellmonk_small_corner,
          serial_library_regret_index_branch_corner,
          serial_library_regret_index_split_case, enter_ossuary_1,
          minmay_manual_mess, uniq_eustachio
D:7:      layout_cave_pools
D:8:      layout_basic, tso_altar, mainiacjoe_overflow_alcove_1
D:9:      gammafunk_wand_slinger, layout_irregular_city
D:10:     layout_roguey, mainiacjoe_overflow_brackets, gammafunk_ghost_hive,
          uniq_erica, uniq_snorg
D:11:     layout_loops_cross, hellmonk_lair_entry_icy, david_orc_5,
          serial_shops, shop, serial_bayou_pond_c
D:12:     layout_rooms, minivault_5, minmay_shop_grid_forest
D:13:     layout_grid_maze, nicolae_vehumet_radiance, uniq_nessos, uniq_frances
D:14:     layout_roguey, hellmonk_vaults_keyhole
D:15:     gammafunk_depths_entry_grave, layout_stronghold, serial_library,
          serial_library_hellmonk_octagon, serial_library_hellmonk_room_c,
          serial_library_hellmonk_angled_corner,
          serial_library_hellmonk_narrow_alcove,
          serial_library_regret_index_headful,
          serial_library_hellmonk_filled_rooms,
          serial_library_hellmonk_open_square,
          serial_library_hellmonk_open_cross,
          serial_library_hellmonk_secret_room, serial_library_hellmonk_room_b,
          nicolae_trove_entry_free_sample, nicolae_figureground_sparkle
Temple:   compressed_dpeg_triangle_lava_temple
Depths:1: layout_long_grid, serial_shops, shop, shop,
          nicolae_shop_just_a_little_nook, nicolae_diamond_shop,
          nicolae_ashenzari_panopticon, pan_entry, hell_entry,
          nicolae_shop_clearance, uniq_asterion

Notes
Turn   | Place    | Note
-------+----------+-------------------------------------------
     0 | D:1      | sanka the Minotaur Fighter began the quest for the Orb.
     0 | D:1      | Reached XP level 1. HP: 19/19 MP: 0/0
    59 | D:1      | Reached skill level 4 in Fighting
   160 | D:1      | Reached skill level 3 in Maces & Flails
   160 | D:1      | Reached XP level 2. HP: 27/27 MP: 1/1
   809 | D:2      | Reached skill level 4 in Maces & Flails
   820 | D:2      | Reached XP level 3. HP: 31/33 MP: 2/2
  1426 | D:3      | Reached skill level 5 in Maces & Flails
  1461 | D:3      | Found a blossoming altar of Fedhas.
  1466 | D:3      | Reached XP level 4. HP: 40/40 MP: 3/3
  1515 | D:3      | Found a snail-covered altar of Cheibriados.
  1515 | D:3      | Found a white marble altar of Elyvilon.
  1515 | D:3      | Found an ancient bone altar of Kikubaaqudgha.
  1527 | D:3      | Became a worshipper of Elyvilon the Healer
  1773 | D:4      | Noticed an ogre
  1780 | D:4      | Killed an ogre
  1781 | D:4      | Reached skill level 6 in Maces & Flails
  1781 | D:4      | Reached XP level 5. HP: 46/46 MP: 4/4
  2080 | D:4      | Reached skill level 7 in Maces & Flails
  2302 | D:4      | Reached XP level 6. HP: 51/52 MP: 5/5
  2567 | D:5      | Entered Level 5 of the Dungeon
  2572 | D:5      | Reached skill level 8 in Maces & Flails
  2606 | D:5      | Identified the +5 ring mail of Feckuvaff {Str+2 Dex+8}
  2645 | D:5      | Reached skill level 9 in Maces & Flails
  2652 | D:5      | Reached XP level 7. HP: 47/59 MP: 6/6
  2765 | D:5      | Noticed a hornet
  2773 | D:5      | Killed a hornet
  2774 | D:5      | Reached skill level 10 in Maces & Flails
  2803 | D:5      | Reached * piety under Elyvilon
  3089 | D:5      | Found an iron altar of Okawaru.
  3290 | D:5      | Reached ** piety under Elyvilon
  3489 | D:6      | Found a sand-covered staircase.
  3498 | Ossuary  | Entered an ossuary
  3566 | Ossuary  | Reached skill level 11 in Maces & Flails
  3602 | Ossuary  | Reached XP level 8. HP: 66/66 MP: 7/7
  3721 | Ossuary  | Reached skill level 12 in Maces & Flails
  3745 | Ossuary  | Reached skill level 1 in Dodging
  3753 | Ossuary  | Reached skill level 4 in Armour
  3753 | Ossuary  | Reached skill level 4 in Shields
  3753 | Ossuary  | Reached skill level 1 in Invocations
  3850 | Ossuary  | Reached skill level 2 in Dodging
  3853 | Ossuary  | Reached skill level 2 in Invocations
  3918 | Ossuary  | Reached skill level 5 in Fighting
  4021 | D:6      | Identified the +8 plate armour of the Game of Kings {rC++
                  | rN+}
  4024 | D:6      | Reached XP level 9. HP: 74/74 MP: 9/9
  4039 | D:6      | Reached skill level 5 in Armour
  4039 | D:6      | Reached skill level 5 in Shields
  4099 | D:6      | Found a staircase to the Ecumenical Temple.
  4110 | D:6      | Noticed Eustachio
  4113 | Temple   | Entered the Ecumenical Temple
  4135 | D:6      | Killed Eustachio
  4255 | D:6      | Found a shimmering altar of Xom.
  4282 | D:6      | Reached skill level 6 in Fighting
  4338 | D:6      | Reached skill level 6 in Armour
  4928 | D:7      | Reached skill level 7 in Fighting
  4932 | D:7      | Identified the ring "Uppuigif" {rElec rF- Str+6 Dex+2}
  4971 | D:7      | Reached *** piety under Elyvilon
  5043 | D:7      | Reached skill level 7 in Armour
  5168 | D:7      | Reached skill level 8 in Fighting
  5168 | D:10     | Entered Level 10 of the Dungeon
  5173 | D:10     | Noticed a gargoyle
  5191 | D:10     | Killed a gargoyle
  5192 | D:10     | Reached skill level 8 in Armour
  5418 | D:10     | Reached XP level 10. HP: 90/90 MP: 10/10
  5424 | D:10     | Reached skill level 9 in Fighting
  5472 | D:10     | Reached skill level 9 in Armour
  5578 | D:10     | Found a transporter.
  5580 | D:10     | Found a transporter.
  5581 | D:10     | Noticed Gobbopathe's ghost (journeyman GnCA)
  5664 | D:9      | Found a transporter.
  5664 | D:9      | Noticed an orc high priest
  5677 | D:9      | Noticed an orc high priest
  5822 | D:9      | Noticed a fire crab
  5867 | D:9      | Found a transporter.
  5964 | D:8      | Reached **** piety under Elyvilon
  5993 | D:8      | Identified the +6 war axe "Nysm" {flame, Stlth+}
  6056 | D:8      | Found a glowing golden altar of the Shining One.
  6166 | D:8      | Found a sparkling altar of Nemelex Xobeh.
  6299 | D:8      | Fell from the grace of Elyvilon
  6299 | D:8      | Became a worshipper of the Shining One
  6299 | D:8      | Reached * piety under the Shining One
  6299 | D:8      | Reached ** piety under the Shining One
  6667 | D:7      | Reached skill level 10 in Fighting
  6752 | D:7      | Reached skill level 10 in Armour
  7590 | D:9      | Noticed a boulder beetle
  7623 | D:9      | Killed a boulder beetle
  7624 | D:9      | Reached skill level 11 in Fighting
  7624 | D:9      | Reached skill level 11 in Armour
  7701 | D:9      | Noticed a soul eater
  7703 | D:9      | Noticed an orange demon
  7719 | D:9      | Noticed a soul eater
  7811 | D:9      | Noticed a sixfirhy
  7811 | D:9      | Noticed a smoke demon
  7878 | D:9      | Noticed a rust devil
  7912 | D:9      | HP: 7/96 [rust devil[an orc high priest] (12)]
  7914 | D:9      | HP: 2/96 [ufetubus[a kobold demonologist] (3)]
  8050 | D:9      | Noticed a rust devil
  8279 | D:9      | Gained mutation: Your magical capacity is low. (-10% MP) [a
                  | neqoxec]
  8284 | D:9      | Killed an orc high priest
  8285 | D:9      | Reached XP level 11. HP: 95/104 MP: 10/10
  8295 | D:9      | Killed an orc high priest
  8296 | D:9      | Reached skill level 12 in Fighting
  8386 | D:9      | Killed a fire crab
  8387 | D:9      | Reached skill level 12 in Armour
  8581 | D:10     | Noticed Snorg
  8598 | D:10     | Killed Snorg
  8744 | D:10     | Noticed Erica
  8753 | D:10     | Killed Erica
  9025 | D:10     | Found a basalt altar of Yredelemnul.
  9176 | D:11     | Found Bytoil's Magic Scroll Shop.
  9179 | D:11     | Bought a scroll of enchant weapon for 82 gold pieces
  9179 | D:11     | Bought a scroll of amnesia for 44 gold pieces
  9179 | D:11     | Bought a scroll of fear for 44 gold pieces
  9179 | D:11     | Bought a scroll of immolation for 44 gold pieces
  9179 | D:11     | Bought a scroll of silence for 104 gold pieces
  9179 | D:11     | Bought a scroll of identify for 22 gold pieces
  9179 | D:11     | Bought a scroll of identify for 22 gold pieces
  9179 | D:11     | Bought a scroll of teleportation for 33 gold pieces
  9179 | D:11     | Bought a scroll of teleportation for 33 gold pieces
  9346 | D:11     | Noticed a two-headed ogre
  9361 | D:11     | Killed a two-headed ogre
  9362 | D:11     | Reached skill level 13 in Fighting
  9365 | D:11     | Reached skill level 13 in Armour
  9493 | D:11     | Found a staircase to the Lair.
  9493 | D:11     | Noticed a brown ugly thing
  9495 | D:11     | Noticed a boulder beetle
  9509 | D:11     | Killed a brown ugly thing
  9520 | D:11     | Killed a boulder beetle
  9567 | D:11     | Noticed a boulder beetle
  9567 | D:11     | Reached *** piety under the Shining One
  9580 | D:11     | Killed a boulder beetle
  9638 | D:11     | Reached skill level 14 in Fighting
  9650 | D:11     | Reached skill level 14 in Armour
  9878 | D:11     | Found a staircase to the Orcish Mines.
  9917 | D:11     | Reached XP level 12. HP: 117/117 MP: 11/11
  9981 | D:11     | Identified the +2 helmet of the Elven Halls {^Contam
                  | Rampage *Slow rN+++}
 10008 | D:11     | Noticed a two-headed ogre
 10012 | D:11     | Killed a two-headed ogre
 10041 | D:12     | Found Eziasup's Jewellery Boutique.
 10174 | D:12     | Reached skill level 15 in Fighting
 10178 | D:12     | Reached skill level 15 in Armour
 10250 | D:12     | Reached skill level 3 in Dodging
 10692 | D:13     | Reached skill level 4 in Dodging
 10851 | D:13     | Noticed Nessos
 10860 | D:13     | Killed Nessos
 10861 | D:13     | Reached skill level 5 in Dodging
 10933 | D:13     | Noticed Frances
 10953 | D:13     | Killed Frances
 10954 | D:13     | Reached skill level 6 in Dodging
 11035 | D:13     | Found a radiant altar of Vehumet.
 11238 | D:13     | Reached skill level 7 in Dodging
 11285 | D:13     | Noticed a centaur warrior
 11294 | D:13     | Killed a centaur warrior
 11626 | D:13     | Reached skill level 8 in Dodging
 11847 | D:14     | Noticed a vault guard
 11849 | D:14     | Noticed an ironbound thunderhulk
 11849 | D:14     | Reached **** piety under the Shining One
 11859 | D:14     | Killed a vault guard
 11860 | D:14     | Noticed a vault guard
 11864 | D:14     | Killed an ironbound thunderhulk
 11865 | D:14     | Reached skill level 9 in Dodging
 11869 | D:14     | Killed a vault guard
 11975 | D:14     | Found a gate to the Vaults.
 12042 | D:14     | Noticed a centaur warrior
 12051 | D:14     | Killed a centaur warrior
 12075 | D:14     | Reached XP level 13. HP: 126/126 MP: 12/12
 12136 | D:14     | Reached skill level 10 in Dodging
 12401 | D:15     | Entered Level 15 of the Dungeon
 12502 | D:15     | Reached skill level 6 in Shields
 12579 | D:15     | Reached skill level 7 in Shields
 12603 | D:15     | Got Ruymagg's Incunabulum of Nival Cinders
 12719 | D:15     | Reached skill level 8 in Shields
 12743 | D:15     | Reached skill level 9 in Shields
 12745 | D:15     | Found a staircase to the Depths.
 12812 | D:15     | Reached skill level 10 in Shields
 12818 | D:15     | Reached ***** piety under the Shining One
 12837 | D:15     | Reached skill level 11 in Shields
 12904 | D:15     | Found a shimmering blue altar of Sif Muna.
 13021 | D:15     | Reached skill level 12 in Shields
 13139 | D:15     | Reached skill level 13 in Shields
 13232 | D:15     | Found a portal to a secret trove of treasure.
 13725 | D:10     | Killed Gobbopathe's ghost
 13732 | D:10     | Reached skill level 3 in Invocations
 13872 | Depths:1 | Entered Level 1 of the Depths
 13881 | D:15     | Reached XP level 14. HP: 107/135 MP: 10/13
 13932 | D:15     | Reached skill level 4 in Invocations
 14116 | Depths:1 | Noticed Asterion
 14129 | Depths:1 | Noticed a balrug
 14129 | Depths:1 | Killed Asterion
 14140 | Depths:1 | Reached skill level 14 in Shields
 14147 | Depths:1 | Reached skill level 5 in Invocations
 14232 | Depths:1 | Found Maowk's Assorted Antiques.
 14241 | Depths:1 | Bought an embroidered hat for 294 gold pieces
 14275 | Depths:1 | HP: 2/135 [deep troll shaman (12)]
 14275 | Depths:1 | Demolished by a deep troll shaman

Vanquished Creatures
  Asterion (Depths:1)
  Frances (D:13)
  An ironbound thunderhulk (D:14)
  Nessos (D:13)
  2 spark wasps (Depths:1)
  Snorg (D:10)
  The ghost of Gobbopathe the Cleaver, a journeyman GnCA of Ignis (D:10)
  A sphinx zombie (D:15)
  2 vault guards (D:14)
  A hydra (D:14)
  A spriggan air mage (Depths:1)
  Erica (D:10)
  2 ogre magi (D:15)
  7 two-headed ogres
  A deep troll shaman (D:15)
  3 boulder beetles
  3 centaur warriors
  A vampire mage (D:15)
  2 occultists
  2 orc high priests (D:9)
  2 storm dragon zombies (D:15)
  A fire crab (D:9)
  2 skeletal warriors (D:15)
  3 deep trolls
  A glowing orange brain (Depths:1)
  3 necromancers (D:15)
  11 ugly things
  2 deep elf pyromancers
  3 deep elf zephyrmancers (D:15)
  8 cyclopes
  A manticore (D:13)
  A gargoyle (D:10)
  A rime drake (D:11)
  An unseen horror (D:12)
  4 efreet
  2 kobold demonologists (D:9)
  3 tengu conjurers (D:15)
  A freezing wraith (D:14)
  4 trolls
  A queen bee (D:10)
  2 hornets
  3 yaks (D:10)
  5 wraiths
  4 shadows
  A wyvern (D:7)
  9 slime creatures
  Eustachio (D:6)
  2 basilisks
  A steam dragon (D:10)
  4 vampire mosquitoes (D:12)
  An acid dragon (D:12)
  2 water moccasins
  5 ice beasts
  5 orc warriors
  2 sky beasts
  2 ogres
  6 centaurs
  A wolf (D:11)
  3 phantoms
  2 bullfrogs
  4 kobold brigands
  10 scorpions
  4 wights (D:9)
  20 killer bees
  3 howler monkeys
  A bombardier beetle (D:7)
  7 centaur zombies (Ossuary)
  3 human zombies (Ossuary)
  3 hounds
  6 orc priests
  3 jellies
  A gnoll bouda (D:10)
  4 iguanas
  2 sleepcaps (D:6)
  3 orc wizards
  4 scorpion zombies (Ossuary)
  3 mummies (Ossuary)
  9 gnolls
  7 adders
  An adder (shapeshifter) (D:15)
  A shadow imp (D:6)
  2 white imps
  4 ufetubi
  4 dart slugs
  44 orcs
  8 endoplasms
  2 giant cockroaches (D:2)
  9 goblins
  9 hobgoblins
  6 jackals (D:3)
  A quokka (D:3)
  7 ball pythons
  5 bats
  A frilled lizard (D:1)
  A gnoll zombie (Ossuary)
  2 jackal zombies (Ossuary)
  20 kobolds
  2 orc zombies (Ossuary)
  4 rats
381 creatures vanquished.

Vanquished Creatures (others)
  An orc priest (D:9)
1 creature vanquished.

Grand Total: 382 creatures vanquished
